 Dungeon Crawl Stone Soup version 0.17-a0-1404-gb8113a6 (webtiles) character file.

12345 Fluffy the Pandemonic (level 11, -3/89 HPs)
             Began as a Demonspawn Gladiator on June 21, 2015.
             Was a High Priest of Makhleb.
             Slain by Maud
             ... wielding a +4 glaive
              (16 damage)
             ... on level 2 of the Orcish Mines.
             The game lasted 00:49:42 (13127 turns).

Fluffy the Pandemonic (Demonspawn Gladiator)       Turns: 13127, Time: 00:49:42

Health: -3/89      AC: 22    Str: 18    XL:     11   Next: 61%
Magic:  0/18       EV: 15    Int: 10    God:    Makhleb [*****.]
Gold:   820        SH:  0    Dex: 19    Spells: 0 memorised, 10 levels left

rFire  . . .     SeeInvis .     a - +1 long sword (freeze)
rCold  . . .     Clarity  +     x - +1 chain mail "Cuopsem" {+Blink Regen+ rCorr}
rNeg   . . .     SustAt   .     (no shield)
rPois  +         Gourm    .     c - +0 helmet
rElec  .         Spirit   +     (no cloak)
rCorr  +         Warding  .     s - +1 pair of gloves
rMut   .         Stasis   .     (no boots)
MR     .....                    k - amulet of guardian spirit
Stlth  ..........               i - ring of poison resistance
                                o - +4 ring of protection

@: agile, not resistant to hostile enchantments, extremely unstealthy
A: talons 2, molten scales 2, clarity, demonic guardian 1, powered by pain 3,
spit poison 1
a: Spit Poison, Minor Destruction, Lesser Servant of Makhleb, Major Destruction,
Greater Servant of Makhleb, Renounce Religion, Evoke Blink


You were on level 2 of the Orcish Mines.
You worshipped Makhleb.
Makhleb was extremely pleased with you.
You were not hungry.

You visited 3 branches of the dungeon, and saw 13 of its levels.

You collected 820 gold pieces.

Inventory:

Hand weapons
 a - a +1 long sword of freezing (weapon)
Missiles
 d - 3 throwing nets (quivered)
Armour
 c - a +0 helmet (worn)
 s - a +1 pair of gloves (worn)
 x - the +1 chain mail "Cuopsem" (worn) {+Blink Regen+ rCorr}
   (You found it on level 8 of the Dungeon)

   It lets you blink.
   It increases your rate of regeneration.
   It protects you from acid and corrosion.
Jewellery
 i - a ring of poison resistance (right hand)
 k - an amulet of guardian spirit (around neck)
 o - a +4 ring of protection (left hand)
 q - an uncursed ring of positive energy
 F - an uncursed amulet of stasis
Magical devices
 h - a wand of random effects (8)
 j - a wand of teleportation (2)
 p - a wand of heal wounds (2)
 v - a wand of slowing (3)
 B - a wand of fireball (7)
 C - a wand of disintegration (14)
 E - a wand of teleportation (8)
 G - a wand of draining (0)
Scrolls
 f - 6 scrolls of teleportation
 g - 2 scrolls of recharging
 l - 2 scrolls of remove curse
 n - a scroll of fog
 y - 3 scrolls of blinking
 D - a scroll of magic mapping
Potions
 b - 2 potions of berserk rage
 A - a potion of brilliance
 H - a potion of curing
Comestibles
 e - 5 bread rations
 m - 2 royal jellies
 r - 8 meat rations
 u - 6 beef jerkies
 w - 8 slices of pizza
 z - 7 fruits


   Skills:
 + Level 9.0 Fighting
 + Level 9.9 Long Blades
 - Level 1.7 Throwing
 + Level 7.9 Armour
 + Level 5.7 Dodging
 + Level 10.3 Invocations


You had 10 spell levels left.
You didn't know any spells.

Dungeon Overview and Level Annotations

Branches:
Dungeon (10/15)            Temple (1/1) D:4            Lair (0/8) D:10
    Orc (2/4) D:9

Altars:
Ashenzari
Cheibriados
Dithmenos
Elyvilon
Fedhas
Gozag
Kikubaaqudgha
Makhleb
Nemelex Xobeh
Okawaru
Qazlal
Ru
Sif Muna
Trog
Vehumet
Xom
Yredelemnul
Zin
The Shining One

Shops:
Orc:2 (

Annotations:
Orc:2 Maud


Innate Abilities, Weirdness & Mutations

You have razor-sharp toenails.
You are mostly covered in molten scales (AC +3, EV -1).
A weak demonic guardian rushes to your aid.
You are powered by pain.
You possess an exceptional clarity of mind.
You can spit weak poison.


Message History

Maud is almost dead.
Your ufetubus disappears in a puff of smoke!
Maud closely misses you.
Your iron imp hits Maud but does no damage.
Unknown command.
You hit Maud but do no damage. Your kick misses Maud.
Maud is almost dead.
Your iron imp hits Maud.
Maud hits you with an enchanted glaive!!
* * * LOW HITPOINT WARNING * * *
Unknown command.
You hit Maud but do no damage. You claw Maud, but do no damage.
Maud is almost dead.
Your iron imp hits Maud but does no damage. x2
Unknown command.
You slash Maud! You freeze Maud. Your kick misses Maud.
Maud is almost dead.
Your iron imp disappears in a puff of smoke!
Maud hits you with an enchanted glaive!!
You die...

...[.##............###
...)####..........##
....# ##.........#
...## ###.....### ..##
#........# #.#
###........# # ###
#..........#.#
#......###$ยง...##
##...... ##@@5..#
.......# ##......#
.##....# ....### ##...
..### #. .## #. #


You could see Maud and a friendly iron imp.

Vanquished Creatures
  Erolcha (D:10)
  A gargoyle (D:10)
  3 kobold demonologists (D:6)
  A fire drake (D:10)
  A troll (D:8)
  A two-headed ogre (D:9)
  A wyvern (D:10)
  4 yaks (D:7)
  Grum (D:8)
  A human (D:7)
  2 hippogriffs
  Edmund (D:6)
  2 wolves (D:8)
  2 wargs (Orc:2)
  A soldier ant (D:6)
  Duvessa (D:5)
  3 sky beasts
  10 orc warriors
  5 centaurs
  3 ice beasts
  4 ogres
  The ghost of Fluffy the Slasher, an average DsGl (D:3)
  4 big kobolds
  3 giant frogs
  Blork the orc (D:4)
  A gnoll sergeant (D:6)
  5 scorpions
  5 wights (D:8)
  A centaur zombie (D:5)
  4 crimson imps
  7 orc priests
  4 jellies
  7 hounds
  14 orc wizards
  A centaur skeleton (D:4)
  A giant frog zombie (D:8)
  5 worker ants
  3 iguanas
  3 sheep (D:7)
  A worker ant zombie (D:5)
  12 adders
  6 gnolls
  A shadow imp (D:6)
  2 oozes (D:3)
  An adder zombie (D:8)
  2 adder skeletons
  2 worms
  3 giant geckos
  70 orcs
  Natasha (D:2)
  8 giant cockroaches
  16 goblins
  17 hobgoblins
  7 jackals
  6 quokkas
  4 ball pythons
  12 bats
  3 giant newts
  29 kobolds
  2 quokka skeletons
  14 rats
338 creatures vanquished.

Vanquished Creatures (collateral kills)
  Gastronok (D:8)
  An orc warlord (Orc:1)
  The ghost of wvc the Chiller, an experienced OpTm of Vehumet (D:4)
  A yak (D:7)
  A hippogriff (D:7)
  Menkaure (D:7)
  A wolf (D:8)
  A phantom (D:4)
  An ogre (D:8)
  An orc warrior (Orc:1)
  Dowan (D:5)
  A crimson imp (D:8)
  An orc priest (Orc:1)
  Natasha (twice) (D:2)
  A killer bee zombie (D:5)
  An adder (D:2)
  A gnoll (D:7)
  13 orcs
  2 goblins
  2 kobolds (D:4)
  A giant newt (D:4)
  A rat (D:4)
37 creatures vanquished.

Vanquished Creatures (others)
  A human (D:7)
  A centaur (D:5)
  A shadow imp (D:5)
  A jackal (D:5)
  A quokka skeleton (D:5)
  A rat (D:5)
6 creatures vanquished.

Grand Total: 381 creatures vanquished

Notes
Turn   | Place    | Note
--------------------------------------------------------------
     0 | D:1      | Fluffy the Demonspawn Gladiator began the quest for the Orb.
     0 | D:1      | Reached XP level 1. HP: 16/16 MP: 1/1
    90 | D:1      | Reached skill level 3 in Long Blades
   356 | D:1      | Gained mutation: A weak demonic guardian rushes to your aid. [demonic ancestry]
   356 | D:1      | Reached XP level 2. HP: 11/22 MP: 2/2
  1369 | D:2      | Gained mutation: You sometimes gain a little power by taking damage. [demonic ancestry]
  1369 | D:2      | Reached XP level 3. HP: 15/27 MP: 1/3
  1554 | D:2      | Reached skill level 4 in Long Blades
  1565 | D:2      | Noticed Natasha
  1571 | D:2      | Killed Natasha
  1725 | D:2      | Gained mutation: You are partially covered in molten scales (AC +1). [demonic ancestry]
  1725 | D:2      | Reached XP level 4. HP: 33/33 MP: 4/4
  1729 | D:2      | Noticed Natasha
  1741 | D:2      | Killed Natasha
  2031 | D:2      | Reached skill level 5 in Long Blades
  2095 | D:2      | Noticed Natasha
  2103 | D:2      | Killed Natasha
  2449 | D:3      | Gained mutation: You sometimes gain power by taking damage. [demonic ancestry]
  2449 | D:3      | Reached XP level 5. HP: 32/38 MP: 5/5
  2851 | D:3      | Noticed Fluffy's ghost (average DsGl)
  3051 | D:3      | Killed Fluffy's ghost
  3808 | D:4      | Reached skill level 6 in Long Blades
  3847 | D:4      | Noticed wvc's ghost (experienced OpTm)
  3877 | D:4      | Killed wvc's ghost
  3877 | D:4      | Reached skill level 1 in Armour
  3877 | D:4      | Gained mutation: You are powered by pain. [demonic ancestry]
  3877 | D:4      | Reached XP level 6. HP: 26/46 MP: 3/6
  4012 | D:4      | Reached XP level 7. HP: 11/52 MP: 4/7
  4519 | D:4      | Noticed Blork the orc
  4533 | D:4      | Killed Blork the orc
  4587 | D:4      | Found a staircase to the Ecumenical Temple.
  4596 | Temple   | Entered the Ecumenical Temple
  4621 | Temple   | Became a worshipper of Makhleb the Destroyer
  4762 | D:4      | Reached skill level 1 in Invocations
  5057 | D:5      | Entered Level 5 of the Dungeon
  5166 | D:5      | Reached skill level 7 in Long Blades
  5166 | D:5      | Reached XP level 8. HP: 42/61 MP: 6/9
  5247 | D:5      | Found a shimmering altar of Xom.
  5496 | D:5      | Acquired Makhleb's first power
  6095 | D:5      | Noticed Duvessa
  6104 | D:5      | Noticed Dowan
  6171 | D:5      | Killed Dowan
  6185 | D:5      | Killed Duvessa
  6185 | D:5      | Reached skill level 5 in Fighting
  6553 | D:6      | Noticed a kobold demonologist
  6555 | D:6      | Noticed a kobold demonologist
  6558 | D:6      | Noticed a sixfirhy
  6571 | D:6      | Noticed a soul eater
  6572 | D:6      | Noticed a smoke demon
  6578 | D:6      | Found a glowing silver altar of Zin.
  6617 | D:6      | Killed a kobold demonologist
  6626 | D:6      | Killed a kobold demonologist
  6626 | D:6      | Reached skill level 5 in Invocations
  6626 | D:6      | Reached XP level 9. HP: 29/69 MP: 8/13
  6666 | D:6      | Noticed Edmund
  6675 | D:6      | Killed Edmund
  6914 | D:6      | Reached skill level 8 in Long Blades
  7440 | D:6      | Acquired Makhleb's second power
  7459 | D:6      | Reached skill level 5 in Armour
  8050 | D:6      | Noticed a kobold demonologist
  8058 | D:6      | Killed a kobold demonologist
  8061 | D:6      | Gained mutation: You possess an exceptional clarity of mind. [potion of mutation]
  8061 | D:6      | Gained mutation: You have sharp toenails. [potion of mutation]
  8061 | D:6      | Gained mutation: You can spit weak poison. [potion of mutation]
  8350 | D:7      | Found a blossoming altar of Fedhas.
  8408 | D:7      | Acquired Makhleb's third power
  8480 | D:7      | Found a radiant altar of Vehumet.
  8499 | D:7      | Noticed Menkaure
  8504 | D:7      | Killed Menkaure
  9178 | D:7      | Gained mutation: You are mostly covered in molten scales (AC +3, EV -1). [demonic ancestry]
  9178 | D:7      | Reached XP level 10. HP: 68/79 MP: 12/15
  9388 | D:7      | Found an ancient bone altar of Kikubaaqudgha.
  9626 | D:8      | Got an ichor-stained chain mail
  9637 | D:8      | Identified the +1 chain mail "Cuopsem" {+Blink Regen+ rCorr} (You found it on level 8 of the Dungeon)
  9664 | D:8      | Noticed Gastronok
  9664 | D:8      | Found a stormy altar of Qazlal.
  9687 | D:8      | Killed Gastronok
  9687 | D:8      | Reached skill level 9 in Long Blades
  9719 | D:8      | Acquired Makhleb's fourth power
  9975 | D:8      | Noticed Grum
  9980 | D:8      | Found a snail-covered altar of Cheibriados.
 10025 | D:8      | Killed Grum
 10051 | D:8      | Found an opulent altar of Gozag.
 10329 | D:8      | Found a sparkling altar of Nemelex Xobeh.
 10487 | D:9      | Gained mutation: You have razor-sharp toenails. [demonic ancestry]
 10487 | D:9      | Reached XP level 11. HP: 74/86 MP: 15/17
 10606 | D:9      | Acquired Makhleb's fifth power
 10748 | D:9      | Found a staircase to the Orcish Mines.
 10919 | D:9      | You fall through a shaft!
 10919 | D:10     | Entered Level 10 of the Dungeon
 10979 | D:10     | Found a staircase to the Lair.
 11203 | D:9      | Reached skill level 5 in Dodging
 11593 | D:10     | Noticed Erolcha
 11599 | D:10     | Killed Erolcha
 12157 | Orc:1    | Entered Level 1 of the Orcish Mines
 12179 | Orc:1    | Reached skill level 10 in Invocations
 12394 | Orc:2    | Found Fiavuz's Antique Weapon Emporium.
 12402 | Orc:2    | Noticed an orc warlord
 12806 | Orc:1    | Killed an orc warlord
 13105 | Orc:2    | Noticed Maud
 13127 | Orc:2    | Slain by Maud

Vault maps used:
D:1:      evilmike_arrival_rings
D:2:      first_bread, uniq_natasha
D:4:      uniq_blork_the_orc
D:5:      xom_confusion_cloud, uniq_duvessa
D:6:      nicolae_overflow_crystal_walls, grunt_ministairs_1, uniq_edmund
D:7:      kennysheep_mini, overflow_temple_1_default, grunt_livestock,
          tgw_kikubaaqudgha, uniq_menkaure
D:8:      lemuel_crystal_altar, kennysheep_mini_moat, lemuel_crystal_altar,
          nemelex_xobeh_ov_fountains_minmay, uniq_grum, uniq_gastronok
D:9:      hiddenorc2_lemuel
D:10:     minmay_lair_entry_lava, uniq_erolcha
Temple:   circular_temple_12
Orc:2:    nicolae_orc_accident_1, serial_shops, shop,
          nicolae_shop_overgrown_old_shop, shop, nicolae_shop_waterfront,
          uniq_maud

Action                   |  1- 3 |  4- 6 |  7- 9 | 10-12 || total
-------------------------+-------+-------+-------+-------++-------
Melee: Long sword        |    85 |   245 |   488 |   697 ||  1515
Invok: Lesser Servant of |       |       |       |     1 ||     1
       Greater Servant o |       |       |       |     3 ||     3
 Abil: Spit Poison       |       |       |       |     1 ||     1
Evoke: Wand              |       |       |       |    14 ||    14
  Use: Scroll            |       |       |    22 |     4 ||    26
       Potion            |       |       |     4 |     2 ||     6
 Stab: Distracted        |       |       |     6 |     5 ||    11
  Eat: Chunk             |     2 |     8 |    11 |    15 ||    36
       Pizza             |       |       |     1 |       ||     1
       Bread ration      |       |       |     1 |       ||     1
